 Dungeon Crawl Stone Soup version 0.23.2-1-ga50397a6bc (webtiles) character file.

Game seed: 4817658170383461168

219 MisterOstroum the Conjurer (level 5, -3/45 HPs)
             Began as a Draconian Conjurer on May 20, 2019.
             Killed from afar by an orc wizard (6 damage)
             ... with a magic dart
             ... on level 4 of the Dungeon.
             The game lasted 00:19:02 (4709 turns).

MisterOstroum the Conjurer (Draconian Conjurer)     Turns: 4709, Time: 00:19:03

Health: -3/45      AC:  5    Str: 10    XL:     5   Next: 64%
Magic:  1/10       EV: 12    Int: 17    God:
Gold:   200        SH:  0    Dex: 11    Spells: 1/11 levels left

rFire    . . .     SeeInvis .   h - +0 whip
rCold    . . .     Gourm    .   (no shield)
rNeg     . . .     Faith    .   (armour unavailable)
rPois    .         Spirit   .   (helmet restricted)
rElec    .         Reflect  .   (no cloak)
rCorr    .         Harm     .   (no gloves)
MR       .....                  (no boots)
Stlth    ++........             (no amulet)
HPRegen  0.15/turn              (no ring)
MPRegen  0.12/turn              (no ring)

@: very slightly contaminated, slowed, very slow
A: unfitting armour, stinger 1, deterioration 1, cold-blooded, AC +5
a: no special abilities


You were on level 4 of the Dungeon.
You were not hungry.

You visited 1 branch of the dungeon, and saw 4 of its levels.

You collected 200 gold pieces.

Inventory:

Hand Weapons
 b - a +0 club
 h - a +0 whip (weapon)
 p - a +2 dagger of flaming
 q - a +0 hand axe
Missiles
 a - 151 stones (quivered)
 f - 78 arrows
 j - 42 sling bullets
 r - a throwing net {!f}
Armour
 c - a +2 pair of boots
 g - a +0 buckler
 t - a +0 shield
Jewellery
 u - an uncursed ring of poison resistance {unknown}
Wands
 v - a wand of enslavement (11)
Scrolls
 d - 5 scrolls of teleportation {@r3 !r}
 i - 3 scrolls of enchant armour {unknown}
 k - 6 scrolls of remove curse {unknown}
 l - 2 scrolls of identify {@r1}
 n - a scroll of enchant weapon {unknown}
 o - 2 scrolls of blinking {unknown}
 x - a scroll of immolation {unknown}
Potions
 m - 2 potions of cancellation
 w - a potion of curing {@q1 !q}
Comestibles
 e - 3 rations


   Skills:
 + Level 3.0 Fighting
 - Level 1.7 Dodging
 - Level 1.7 Stealth
 + Level 3.9 Spellcasting
 - Level 5.0 Conjurations


You had one spell level left.
You knew the following spells:

 Your Spells              Type           Power        Failure   Level  Hunger
a - Magic Dart            Conj           ###.         1%          1    None
b - Searing Ray           Conj           ###...       3%          2    ##.....
c - Dazzling Spray        Conj/Hex       ##....       17%         3    ###....
d - Iskenderun's Mystic   Conj           ###.....     21%         4    ####...

Your spell library contained the following spells:

 Spells                   Type           Power        Failure   Level  Hunger
 Force Lance              Conj/Tloc      ##......     50%         4    ####...
 Fulminant Prism          Conj/Hex       ##........   50%         4    ####...


Dungeon Overview and Level Annotations

Branches:
Dungeon (4/15)
 Temple: D:4-7

Altars:
Nemelex Xobeh

Annotations:
D:2 1 runed translucent door, Crazy Yiuf
D:3 1 runed translucent door, kenwiel's ghost, amateur DsGl


Innate Abilities, Weirdness & Mutations

Your plain brown scales are hard. (AC +5)
You cannot fit into any form of body armour.
You are cold-blooded and may be slowed by cold attacks.
Your tail ends in a poisonous barb.
Your body sometimes deteriorates upon taking damage.


Message History

You miscast Iskenderun's Mystic Blast.
You are very lightly contaminated with residual magic.
Your skin tingles.
Casting: Iskenderun's Mystic Blast (slightly dangerous; 21% risk of failure)
Confirm with . or Enter, or press ? or * to list all spells.
Aiming: Magic Dart (safe; 1% risk of failure)
Press: ? - help, Shift-Dir - straight line, f/p - orc wizard
Aim: an orc wizard, wielding a +0 dagger and wearing a +0 robe The magic dart hits the orc wizard.
The orc wizard is moderately wounded.
The orc wizard gestures at you while chanting.
The magic dart hits you.
Casting: Magic Dart (safe; 1% risk of failure)
Confirm with . or Enter, or press ? or * to list all spells.
Aiming: Magic Dart (safe; 1% risk of failure)
Press: ? - help, Shift-Dir - straight line, f/p - orc wizard
Aim: an orc wizard, wielding a +0 dagger and wearing a +0 robe (moderately wounded)
The magic dart hits the orc wizard but does no damage.
The orc wizard is moderately wounded.
The orc wizard gestures at you while chanting.
The magic dart hits you.
The orc wizard gestures wildly while chanting.
The orc wizard blinks!
You closely miss the orc wizard.
The orc wizard is moderately wounded.
The orc wizard misses you.
You closely miss the orc wizard.
The orc wizard is moderately wounded.
The orc wizard hits you with a +0 dagger.
Casting: Magic Dart (safe; 1% risk of failure)
Confirm with . or Enter, or press ? or * to list all spells.
Aiming: Magic Dart (safe; 1% risk of failure)
Press: ? - help, Shift-Dir - straight line, f/p - orc wizard
Aim: an orc wizard, wielding a +0 dagger and wearing a +0 robe (lightly wounded)
The magic dart hits the orc wizard.
The orc wizard is heavily wounded.
The orc wizard hits you with a +0 dagger.
You closely miss the orc wizard.
The orc wizard is heavily wounded.
The orc wizard hits you with a +0 dagger.
You closely miss the orc wizard.
The orc wizard is heavily wounded.
The orc wizard gestures at you while chanting.
You feel yourself slow down. The orc wizard barely misses you.
You hit the orc wizard.
You tail-slap the orc wizard, but do no damage.
The orc wizard is severely wounded.
The orc wizard hits you with a +0 dagger.
You closely miss the orc wizard.
The orc wizard is severely wounded.
The orc wizard gestures at you while chanting.
You resist with some effort.
You closely miss the orc wizard.
The orc wizard is severely wounded.
The orc wizard misses you. The orc hits you but does no damage.
The orc wizard barely misses you.
Casting: Magic Dart (safe; 1% risk of failure)
Confirm with . or Enter, or press ? or * to list all spells.
Aiming: Magic Dart (safe; 1% risk of failure)
Press: ? - help, Shift-Dir - straight line, f/p - orc wizard
Aim: an orc wizard, wielding a +0 dagger and wearing a +0 robe (severely wounded)
The magic dart hits the orc wizard but does no damage.
The orc wizard is severely wounded.
The orc hits you with a +0 flail. The orc wizard closely misses you.
The orc barely misses you.
You hit the orc wizard.
You tail-slap the orc wizard, but do no damage.
The orc wizard is severely wounded.
The orc wizard closely misses you. The orc hits you with a +0 flail.
The orc wizard hits you with a +0 dagger.
You hit the orc wizard.
The orc wizard is almost dead.
The orc hits you with a +0 flail! The orc wizard casts a spell at you.
The magic dart hits you.
* * * LOW HITPOINT WARNING * * *
It was a potion of curing.
You feel better.
The orc wizard casts a spell.
The orc wizard seems to speed up.
The orc barely misses you.
The orc wizard hits you with a +0 dagger.
The orc hits you with a +0 flail.
* * * LOW HITPOINT WARNING * * *
The orc wizard gestures wildly while chanting.
The orc wizard blinks!
You hit the orc but do no damage. You tail-slap the orc.
The orc is lightly wounded.
The orc wizard casts a spell at you. The magic dart hits you.
* * * LOW HITPOINT WARNING * * *
The orc wizard mumbles some strange words.
The orc wizard blinks!
The orc barely misses you. The orc wizard casts a spell at you.
The magic dart hits you.
* * * LOW HITPOINT WARNING * * *
The orc barely misses you.
You hit the orc.
You kill the orc!
The orc wizard casts a spell at you. The magic dart hits you.
You die...

#..# #.# #..# #.#
#..#.######..# #.#
..(....รท.....# #.#
.....#######.#########.#
... #...........# #
#..########## #..# #.@#
######o)### #.........#
#.#######.# #.# #.# #.#
#.# #.# #.# #.# #.# #.#
#o#


You could see an orc wizard.

Vanquished Creatures
  2 worker ants (D:4)
  Robin (D:2)
  6 adders
  An ooze (D:1)
  2 dart slugs
  2 leopard geckos (D:3)
  3 orcs
  4 giant cockroaches
  26 goblins
  7 hobgoblins
  A jackal (D:1)
  2 quokkas
  13 bats
  7 frilled lizards
  8 kobolds
  5 rats
90 creatures vanquished.

Notes
Turn   | Place    | Note
-------+----------+-------------------------------------------
     0 | D:1      | MisterOstroum the Draconian Conjurer began the quest for
                  | the Orb.
     0 | D:1      | Reached XP level 1. HP: 14/14 MP: 3/3
   354 | D:1      | Reached XP level 2. HP: 20/20 MP: 3/5
   592 | D:1      | Learned a level 2 spell: Searing Ray
   931 | D:1      | Reached XP level 3. HP: 26/26 MP: 4/7
  1305 | D:2      | Found a sparkling altar of Nemelex Xobeh.
  1491 | D:2      | Reached skill level 1 in Fighting
  1722 | D:2      | Reached XP level 4. HP: 33/35 MP: 0/8
  1808 | D:2      | Noticed Robin
  2006 | D:2      | Found a runed translucent door.
  2007 | D:2      | Noticed Crazy Yiuf
  2101 | D:2      | Gained mutation: Your body sometimes deteriorates upon
                  | taking damage. [potion of mutation]
  2101 | D:2      | Gained mutation: Your tail ends in a poisonous barb.
                  | [potion of mutation]
  2105 | D:2      | HP: 1/35 [goblin/+0 club[Robin] (1)]
  2433 | D:2      | Learned a level 3 spell: Dazzling Spray
  2436 | D:2      | Killed Robin
  2960 | D:2      | Reached skill level 5 in Conjurations
  3261 | D:3      | Found a runed translucent door.
  3335 | D:3      | Reached XP level 5. HP: 41/41 MP: 6/10
  3371 | D:3      | Noticed kenwiel's ghost (amateur DsGl)
  4293 | D:4      | Learned a level 4 spell: Iskenderun's Mystic Blast
  4708 | D:4      | HP: 2/45 [orc wizard/magic dart (5)]
  4709 | D:4      | Killed from afar by an orc wizard

Skill      XL: |  1  2  3  4  5 |
---------------+----------------+-----
Fighting       | 1 2 3 |  3.0
Spellcasting   | 3 |  3.9
Conjurations   | 5 |  5.0
Dodging        | |  1.7
Stealth        | |  1.7

Action                   |  1- 3 |  4- 6 || total
-------------------------+-------+-------++-------
Melee: Unarmed           |     4 |       ||     4
       Club              |    10 |       ||    10
       Tailslap          |     1 |     8 ||     9
       Whip              |    24 |    71 ||    95
Throw: Stone             |     4 |     2 ||     6
 Cast: Magic Dart        |    62 |    76 ||   138
       Searing Ray       |     3 |     5 ||     8
       Dazzling Spray    |       |     2 ||     2
       Iskenderun's Myst |       |     2 ||     2
  Use: Potion            |     1 |     5 ||     6
       Scroll            |       |     3 ||     3
  Eat: Chunk             |     3 |     4 ||     7
       Ration            |       |     2 ||     2
Armor: Skin              |    37 |    36 ||    73
Dodge: Dodged            |    24 |   100 ||   124
